 Dungeon Crawl Stone Soup version 0.19-a0-593-gf2cdb02 (console) character file.

440201 utis the Lord of Darkness (level 23, -2/142 HPs)
             Began as a Deep Elf Necromancer on Mar 10, 2016.
             Was the Champion of Kikubaaqudgha.
             Slain by a spark wasp (8 damage)
             ... on level 5 of the Depths on June 10, 2016.
             The game lasted 10:44:10 (102002 turns).

utis the Lord of Darkness (Deep Elf Necromancer)  Turns: 102002, Time: 10:44:12

Health: -2/142     AC: 28    Str: 12    XL:     23   Next: 1%
Magic:  40/58      EV: 16    Int: 29    God:    Kikubaaqudgha [******]
Gold:   4299       SH: 15    Dex: 18    Spells: 17 memorised, 1 level left

rFire  + + .     SeeInvis .     a - +6 dagger (pain)
rCold  . . .     Gourm    .     o - +2 fire dragon armour
rNeg   . . .     Faith    +     y - +2 shield {AC+3}
rPois  .         Spirit   .     u - +2 helmet {Int+3}
rElec  +         Dismiss  .     K - +0 cloak
rCorr  .         Reflect  .     v - +2 pair of gloves {Dex+3}
SustAt .         Harm     .     O - +2 pair of boots
MR     ++...                    H - amulet of faith {!P}
Stlth  +.........               C - ring of protection from cold {=R}
                                Y - ring of Atheism {rElec MP+9 Int+2}

@: repel missiles, very resistant to hostile enchantments, very unstealthy
A: no striking features
a: Receive Corpses, Torment, Renounce Religion
}: 2/15 runes: decaying, gossamer


You were on level 5 of the Depths.
You worshipped Kikubaaqudgha.
Kikubaaqudgha was exalted by your worship.
You were hungry.

You visited 8 branches of the dungeon, and saw 43 of its levels.
You visited the Abyss 1 time.
You also visited: Sewer, Bailey, Volcano and Wizlab.

You collected 6240 gold pieces.
You spent 1941 gold pieces at shops.

Inventory:

Hand Weapons
 a - a +6 dagger of pain (weapon)
 c - a +0 blowgun {@w1}
 f - the +3 scimitar of Magnificence {holy, +Rage rF+ rC- MR+++}
   (You found it on level 2 of the Depths)

   It has been blessed by the Shining One to cause great damage to the undead
   and demons.
   It protects you from fire.
   It makes you vulnerable to cold.
   It affects your resistance to hostile enchantments.
   It lets you go berserk.
Missiles
 B - 6 curare-tipped needles {=f}
Armour
 o - a +2 fire dragon armour (worn)
 u - a +2 helmet of intelligence (worn)
 v - a +2 pair of gloves of dexterity (worn)
 y - a +2 shield of protection (worn)
 K - a +0 cloak (worn)
 O - a +2 pair of boots (worn)
Magical Staves
 b - an uncursed staff of death
 p - an uncursed staff of wizardry {!a}
Jewellery
 k - the ring "Luiwnietu" {Int+3 SInv}
   (You found it on level 7 of the Dungeon)

   [ring of see invisible]

   It affects your intelligence (+3).
   It lets you see invisible.
 C - a ring of protection from cold (right hand) {=R}
 H - an amulet of faith (around neck) {!P}
 L - an uncursed ring of flight
 M - an uncursed ring of protection from magic
 P - an uncursed ring of poison resistance
 R - an uncursed ring of resist corrosion
 Y - the ring of Atheism (left hand) {rElec MP+9 Int+2}
   (You bought it in a shop on level 2 of the Depths)

   [ring of magical power]

   It affects your intelligence (+2).
   It insulates you from electricity.
   It affects your magic capacity (+9).
Wands
 m - a wand of hasting (8/9) {@v3}
 z - a wand of digging (4/24)
 E - a wand of disintegration (11/24)
 S - a wand of teleportation (7/9) {@v4}
Scrolls
 e - 5 scrolls of silence {!r}
 j - 3 scrolls of blinking
 t - 3 scrolls of fear
 F - 4 scrolls of recharging
 I - 5 scrolls of magic mapping
 J - a scroll of fog
 T - a scroll of summoning
 U - 24 scrolls of identify {@r1}
 Z - 3 scrolls of teleportation {@r4}
Potions
 i - 11 potions of curing {@q1}
 n - 6 potions of flight
 s - 6 potions of magic
 w - 6 potions of brilliance
 x - 3 potions of cancellation
 G - 2 potions of haste {@q3}
 N - 8 potions of resistance
Miscellaneous
 d - a fan of gales
 g - a legendary deck of wonders {Dowsing}
 l - a lamp of fire
 D - a fan of gales
 V - a legendary deck of wonders {the Alchemist, drawn: 2}
Comestibles
 q - 4 meat rations {@e1}
 r - 4 bread rations {@e1}
 A - 3 beef jerkies {@e2}
 W - 2 fruits {@e2}


   Skills:
 - Level 17.5 Fighting
 - Level 9.8(10.3) Short Blades
 - Level 4.6(7.4) Long Blades
 - Level 10.4 Armour
 - Level 13.5 Dodging
 - Level 2.4 Stealth
 * Level 14.2 Shields
 - Level 20.0 Spellcasting
 - Level 8.9 Charms
 + Level 12.9 Summonings
 - Level 21.3 Necromancy
 - Level 7.0 Translocations
 - Level 7.7 Evocations


You had one spell level left.
You knew the following spells:

 Your Spells              Type           Power        Failure   Level  Hunger
a - Animate Dead          Necr           N/A          0%          4    None
b - Borgnjor's Revivific  Necr           ########..   12%         8    #####..
c - Regeneration          Chrm/Necr      #######...   1%          3    None
d - Passage of Golubria   Tloc           N/A          4%          4    None
g - Shroud of Golubria    Chrm/Tloc      ######....   1%          2    None
n - Animate Skeleton      Necr           N/A          0%          1    None
p - Dispel Undead         Necr           ########     1%          5    None
r - Repel Missiles        Chrm/Air       ######       1%          2    None
t - Corpse Rot            Necr           N/A          0%          2    None
u - Haunt                 Necr/Summ      #######...   8%          7    ###....
v - Blink                 Tloc           N/A          1%          2    None
w - Shadow Creatures      Summ           N/A          8%          6    None
y - Agony                 Necr           ########     1%          5    None
B - Summon Butterflies    Summ           #######.     1%          1    None
W - Swiftness             Chrm/Air       ######..     1%          2    None
X - Cigotuvi's Embrace    Necr           ########..   1%          5    None
Y - Sublimation of Blood  Necr           ########..   0%          2    None


Dungeon Overview and Level Annotations

Branches:
Dungeon (15/15)            Temple (1/1) D:6            Lair (8/8) D:9
  Swamp (4/4) Lair:4       Spider (4/4) Lair:4        Slime (0/6) Lair:7
    Orc (2/2) D:10            Elf (0/3) Orc:2        Vaults (4/5) D:13
  Crypt (0/3) Vaults:2     Depths (5/5) D:15
    Zot: Depths:5

Altars:
Ashenzari
Cheibriados
Dithmenos
Elyvilon
Fedhas
Gozag
Kikubaaqudgha
Makhleb
Nemelex Xobeh
Okawaru
Pakellas
Qazlal
Ru
Sif Muna
Trog
Vehumet
Xom
Yredelemnul
Zin
The Shining One
Beogh

Shops:
D:6 [   Orc:1 (   Orc:2 }[[?   Vaults:1 (   Vaults:2 %   Vaults:3 !
Depths:2 =?   Depths:4 !

Portals:
Hell: Lair:8 Depths:1 Depths:2 Depths:3 Depths:4
Abyss: Depths:4
Pandemonium: Depths:3
Ziggurat: Depths:1

Annotations:
D:7 exclusions: skeleton and 8 more exclusions
D:12 exclusion: skeleton
Lair:7 exclusion: oklob plant
Lair:8 exclusion: oklob plant
Depths:4 exclusion: downstairs


Message History

Your shadow wraith closely misses the spark wasp.
Something stings your phantasmal warrior but does no damage.
Your phantasmal warrior closely misses the spark wasp.
Casting: Sublimation of Blood
Confirm with . or Enter, or press ? or * to list all spells.
Aiming: Passage of Golubria
Press: ? - help, Dir - move target cursor, p - spark wasp
* * * LOW MAGIC WARNING * * *
The spark wasp bursts into living lightning!
The living lightning hits your shadow wraith.
The living lightning misses you.
The spark wasp blinks!
Your phantasmal warrior blinks!
Your phantasmal warrior enters the passage of Golubria.
Casting: Passage of Golubria
Confirm with . or Enter, or press ? or * to list all spells.
You draw magical energy from your own body!
You are no longer corroded.
The spark wasp stings you!
You die...
Kikubaaqudgha rasps: "You have failed me!
Welcome... death!"

░░░ €.. ░░░.░. .░
░W░ ≈.≈≈░░...░.░
░.░ .⚶..≈░░..░.░
░.░ ⚶...⚶.≈░..░.░
░.░ ...♣...≈░..░.░
░y░ ⚶.8€8.⚶.+..░.░
░e░
...♣...≈░.░░.░░░§░
.⚶...⚶.≈░..)....W░
≈..⚶.b≈░░..░.░░░.░
░≈≈.≈≈░░.░.░.WWW.░
░░░+░░░.░░.░.W░░y░
.......░░░.░..░░W░
.....░░░░░.░..░░W░
░.<............WW░


You could see 2 spark wasps, 2 friendly shadow wraiths, a friendly phantasmal
warrior, a friendly freezing wraith and a friendly wraith.

Vanquished Creatures
  A bone dragon (Vaults:2)
  3 liches
  A sphinx (Vaults:1)
  The ghost of tstbtto the Severer, an adept DDFi of Ru (Swamp:4)
  A thorn hunter (Swamp:1)
  3 tengu reavers
  A storm dragon (Depths:3)
  12 fire giants
  10 vault wardens
  7 frost giants
  4 ghost moths
  An emperor scorpion (Spider:3)
  30 very ugly things
  2 spriggan defenders (Depths:3)
  4 ironheart preservers
  14 stone giants
  2 vampire knights
  A war gargoyle (Vaults:1)
  A green draconian (Depths:5)
  A deep elf demonologist (Abyss:2)
  2 removed MONS_SALAMANDER_STORMCALLERs
  A dire elephant (Lair:8)
  2 yellow draconians (Depths:5)
  4 spark wasps
  An ettin (shapeshifter) (D:14)
  6 ettins
  A blizzard demon (D:15)
  11 vault guards
  A merfolk impaler (Depths:1)
  4 great orbs of eyes
  5 jiangshi
  13 fire dragons
  5 ice dragons
  11 entropy weavers
  7 yaktaur captains
  4 rakshasas
  The ghost of lorenzova the Unseen, a journeyman SpEn of Dithmenos (Volcano)
  22 hydras
  Erica (Orc:1)
  11 centaur warriors
  Erolcha (Orc:2)
  A spriggan air mage (Depths:2)
  5 alligators
  11 ogre magi
  5 deep troll earth magi
  2 spriggan berserkers
  7 tengu warriors
  A hell hog (Abyss:2)
  A death yak (Lair:8)
  4 deep troll shamans
  4 vampire magi
  Nergalle (Lair:3)
  4 sun demons
  26 deep trolls
  4 deep elf knights
  2 shadow wraiths
  A fire crab (Vaults:4)
  3 iron trolls
  5 skeletal warriors (D:12)
  A large abomination (Abyss:2)
  10 swamp dragons
  A fire crab (shapeshifter) (Vaults:2)
  4 unseen horrors
  A spriggan druid (Swamp:2)
  4 giant orange brains
  3 deep elf archers
  A hill giant (shapeshifter) (Vaults:4)
  6 flayed ghosts
  7 ironbrand convokers
  21 orc knights
  3 necromancers
  10 hill giants
  A lindwurm (Volcano)
  2 wizards
  A wolf spider zombie (D:15)
  15 orb spiders
  14 harpies
  14 orc sorcerers
  A sphinx skeleton (Depths:4)
  5 griffons
  7 cyclopes
  41 wolf spiders
  9 deep elf magi
  6 hornets
  3 moths of wrath
  2 salamanders
  52 ugly things
  4 elephants
  A sixfirhy (Abyss:2)
  A manticore (D:15)
  5 gargoyles
  A centaur zombie (D:14)
  14 vault sentinels
  A worldbinder (Abyss:2)
  4 smoke demons
  A black mamba (shapeshifter) (Vaults:2)
  2 molten gargoyles (Volcano)
  The ghost of psellion the Magician, a novice DEIE of Vehumet (Bailey)
  An eye of devastation (Abyss:2)
  22 spiny frogs
  The ghost of glosham the Cleaver, a novice MiCK of Okawaru (D:6)
  A spiny frog (shapeshifter) (Abyss:2)
  A torpor snail (Lair:7)
  8 black mambas
  An orange demon (Lair:8)
  10 komodo dragons
  3 freezing wraiths
  61 yaktaurs
  11 demonic crawlers
  7 ice devils
  A rime drake (shapeshifter) (Depths:3)
  2 efreet
  3 tengu conjurers
  2 polar bears (shapeshifter)
  4 red devils (Lair:8)
  10 wind drakes (WizLab)
  33 jumping spiders
  5 trolls
  11 giant leeches
  18 two-headed ogres
  A sphinx simulacrum (Vaults:1)
  A tengu simulacrum (Depths:4)
  26 blink frogs
  15 bog bodies
  A raiju (Abyss:2)
  4 boulder beetles
  35 slime creatures
  A boulder beetle (shapeshifter) (Depths:1)
  A frost giant simulacrum (Depths:4)
  6 flying skulls
  6 shadows
  59 redbacks
  10 spriggans
  26 air elementals (WizLab)
  A tarantella (shapeshifter) (Vaults:3)
  28 tarantellas
  3 wraiths (D:13)
  38 yaks
  9 fire elementals
  7 basilisks
  7 vampires (Depths:2)
  6 water elementals
  6 wyverns
  A hippogriff (shapeshifter) (Depths:4)
  A golden eye (shapeshifter) (D:15)
  A human (shapeshifter) (Depths:2)
  30 vampire mosquitoes
  5 hungry ghosts
  A neqoxec (Abyss:2)
  A warg (shapeshifter) (Depths:1)
  6 hippogriffs
  33 insubstantial wisps
  2 mottled dragons (Vaults:2)
  23 swamp worms
  A human simulacrum (Vaults:2)
  16 wolves
  A soldier ant (D:12)
  12 wargs
  12 water moccasins
  48 orc warriors
  12 porcupines
  2 ice beasts
  13 swamp drakes
  A spiny frog skeleton (Abyss:2)
  An eye of draining (shapeshifter) (Depths:5)
  16 wasps
  59 ogres
  5 phantoms
  A necrophage (D:9)
  A snapping turtle skeleton (Abyss:2)
  A boggart (shapeshifter) (Vaults:2)
  6 boggarts
  13 centaurs
  The ghost of Ijustatesigmund the Insei, an amateur OpTm (D:3)
  15 crocodiles
  5 big kobolds
  2 wyvern zombies
  A gnoll sergeant (Orc:2)
  31 giant frogs
  A small abomination (Abyss:2)
  A human skeleton (Vaults:2)
  5 scorpions
  9 killer bees
  A troll zombie (D:10)
  23 wights
  5 howler monkeys
  3 electric eels (Lair:4)
  19 crimson imps
  2 giant frog zombies
  10 human zombies (Depths:2)
  2 quasits
  A giant frog skeleton (D:12)
  30 orc wizards
  22 orc priests
  A gnoll shaman (D:6)
  5 hounds
  7 jellies
  4 centaur skeletons
  13 iguanas
  10 worker ants
  17 sheep
  5 ogre zombies (D:10)
  2 hound zombies
  2 hound skeletons
  Robin (D:2)
  2 howler monkey zombies
  21 adders
  16 gnolls
  60 river rats
  7 white imps
  5 oozes
  An adder zombie (D:9)
  2 adder skeletons
  4 worms (D:2)
  2 dart slugs
  13 giant geckos
  104 orcs
  5 giant cockroaches
  12 goblins
  15 hobgoblins
  15 jackals
  5 quokkas
  6 ball pythons
  13 bats
  A giant gecko zombie (D:5)
  7 giant newts
  A goblin skeleton (D:10)
  A hobgoblin skeleton (D:10)
  3 hobgoblin zombies (D:10)
  40 kobolds
  5 orc skeletons
  9 orc zombies (D:10)
  20 rats
2070 creatures vanquished.

Vanquished Creatures (collateral kills)
  A juggernaut (Depths:3)
  the Lernaean hydra (Swamp:4)
  4 golden dragons
  A Hell Sentinel (Depths:4)
  8 tentacled monstrosities
  A quicksilver dragon (Depths:3)
  A Cloud Mage (WizLab)
  2 thorn hunters
  3 shadow dragons (Depths:4)
  A tengu reaver (Depths:3)
  A storm dragon (Depths:4)
  A frost giant (Depths:3)
  A balrug (D:15)
  2 vault wardens
  A ghost moth (Spider:4)
  2 emperor scorpions (Spider:4)
  2 fire giants
  Louise (Swamp:2)
  2 ironheart preservers (D:13)
  2 very ugly things
  2 stone giants
  A war gargoyle (Vaults:2)
  Azrael (Orc:2)
  A deep elf demonologist (Depths:4)
  A spark wasp (Spider:4)
  An ettin (Depths:3)
  A deep elf death mage (Depths:4)
  Josephine (D:13)
  A fire dragon (Vaults:3)
  4 great orbs of eyes
  7 entropy weavers
  5 yaktaur captains
  2 hydras
  5 rakshasas
  A ghost crab (Swamp:4)
  3 centaur warriors
  4 ogre magi
  An alligator (Swamp:4)
  A deep troll shaman (Depths:3)
  3 deep troll earth magi
  6 spriggan berserkers
  A deep elf knight (Vaults:1)
  A sun demon (Depths:1)
  A salamander mystic (Vaults:2)
  A flayed ghost (Depths:3)
  5 giant orange brains
  2 shambling mangroves
  2 ironbrand convokers
  2 swamp dragons (Swamp:4)
  10 orb spiders
  17 wolf spiders
  A hill giant (D:15)
  2 deep elf magi
  A griffon (Lair:7)
  6 ugly things
  An orc sorcerer (Orc:1)
  4 hornets
  A salamander (Vaults:3)
  5 elephants
  A moth of wrath (Spider:4)
  A black mamba (Lair:6)
  2 torpor snails
  3 vault sentinels
  2 spiny frogs
  A kobold demonologist (Vaults:2)
  3 komodo dragons
  9 yaktaurs
  An ice devil (Lair:8)
  2 demonic crawlers
  A tengu conjurer (D:15)
  20 jumping spiders
  A wind drake (shapeshifter) (Vaults:4)
  8 slime creatures
  A blink frog (D:9)
  4 two-headed ogres
  5 air elementals (WizLab)
  A spriggan (Depths:4)
  A wraith (D:13)
  9 tarantellas
  24 redbacks
  3 water elementals
  8 yaks
  A hungry ghost (D:8)
  4 vampire mosquitoes
  4 hippogriffs
  A warg (Orc:2)
  An insubstantial wisp (Swamp:3)
  A swamp worm (Swamp:2)
  5 water moccasins
  A hell hound (Lair:8)
  A porcupine (Lair:5)
  A black bear (D:10)
  5 wasps
  A swamp drake (Swamp:4)
  A phantom (D:14)
  4 ogres
  A human zombie (Vaults:2)
  9 boggarts
  8 centaurs
  5 crocodiles
  2 big kobolds (D:7)
  3 giant frogs
  3 killer bees (D:9)
  An electric eel (Spider:1)
  6 wights
  3 crimson imps
  A jelly (Lair:7)
  A quasit (D:11)
  A hound (D:9)
  A centaur skeleton (D:5)
  A giant frog zombie (D:9)
  2 iguanas
  5 sheep
  6 river rats
  5 adders
  2 gnolls
  A shadow imp (D:9)
  A dart slug (D:3)
  A giant gecko (D:4)
  11 orcs
  2 giant cockroaches
  A goblin (D:1)
  2 jackals (D:9)
  2 giant newts
  6 kobolds
  An orc zombie (D:10)
  9 rats (Sewer)
  6 fungi
404 creatures vanquished.

Vanquished Creatures (others)
  A draconian scorcher (Depths:5)
  A jumping spider (Spider:1)
  A water moccasin (Lair:7)
  An orc warrior (Vaults:3)
  An ogre (Depths:2)
  A giant cockroach (D:6)
  A briar patch (Swamp:3)
  2 bushes
  3 fire vortices (Volcano)
  33 fungi
  28 plants
  3 starspawn tentacles (Abyss:2)
  A starspawn tentacle segment (Abyss:2)
  7 toadstools (Swamp:1)
84 creatures vanquished.

Grand Total: 2558 creatures vanquished

Notes
Turn   | Place    | Note
--------------------------------------------------------------
     0 | D:1      | utis the Deep Elf Necromancer began the quest for the Orb.
     0 | D:1      | Reached XP level 1. HP: 10/10 MP: 6/6
   126 | D:1      | Reached skill level 5 in Necromancy
   395 | D:1      | Reached XP level 2. HP: 10/15 MP: 4/8
   501 | D:1      | Learned a level 1 spell: Animate Skeleton
  1052 | D:2      | Reached XP level 3. HP: 16/19 MP: 6/9
  1104 | D:2      | Found a faded altar to an unknown god.
  1182 | D:2      | Noticed Robin
  1203 | D:1      | Reached skill level 6 in Necromancy
  1607 | D:1      | Learned a level 3 spell: Vampiric Draining
  1611 | D:1      | Learned a level 3 spell: Regeneration
  2164 | D:2      | Killed Robin
  2164 | D:2      | Reached XP level 4. HP: 20/24 MP: 5/11
  2328 | D:2      | Reached skill level 1 in Charms
  3400 | D:3      | Found a shimmering altar of Xom.
  3401 | D:3      | Found a shimmering altar of Xom.
  3426 | D:3      | Reached XP level 5. HP: 18/28 MP: 10/12
  3655 | D:3      | Noticed Ijustatesigmund's ghost (amateur OpTm)
  3664 | D:3      | Learned a level 4 spell: Control Undead
  4152 | D:2      | Reached skill level 7 in Necromancy
  4944 | D:3      | Noticed a phantom
  5398 | D:3      | sigh
  5443 | D:3      | Killed Ijustatesigmund's ghost
  5443 | D:3      | Reached XP level 6. HP: 32/32 MP: 3/14
  5744 | D:4      | Noticed a hippogriff
  5759 | D:4      | Killed a hippogriff
  5759 | D:4      | Reached skill level 1 in Fighting
  5947 | D:4      | Found a glowing drain.
  5965 | Sewer    | Entered a sewer
  6101 | Sewer    | Reached skill level 1 in Armour
  6438 | Sewer    | Reached XP level 7. HP: 20/39 MP: 10/15
  7195 | D:4      | Found an opulent altar of Gozag.
  7683 | D:4      | Reached skill level 5 in Dodging
  7734 | D:5      | Entered Level 5 of the Dungeon
  7800 | D:5      | Found a burning altar of Makhleb.
  8174 | D:5      | Found a glowing golden altar of the Shining One.
  8225 | D:5      | Reached XP level 8. HP: 39/46 MP: 9/16
  9211 | D:6      | Reached skill level 1 in Short Blades
  9380 | D:6      | Found a staircase to the Ecumenical Temple.
  9389 | Temple   | Entered the Ecumenical Temple
  9660 | Temple   | Became a worshipper of Kikubaaqudgha
  9746 | D:6      | Noticed glosham's ghost (novice MiCK)
  9894 | D:6      | Killed glosham's ghost
 10492 | D:5      | aaah
 11178 | D:6      | sigh
 11271 | D:6      | ?
 11358 | D:6      | Please, just die.
 11369 | D:6      | man!
 11374 | D:6      | Reached XP level 9. HP: 32/53 MP: 17/17
 11517 | D:6      | Reached skill level 5 in Fighting
 11565 | D:6      | Found a sparkling altar of Nemelex Xobeh.
 11566 | D:6      | Found a white marble altar of Elyvilon.
 11603 | D:6      | Found Itteimih's Armour Shoppe.
 12054 | D:6      | Bought a +2 shield of protection for 301 gold pieces
 12072 | D:6      | Learned a level 4 spell: Animate Dead
 12752 | D:7      | Reached skill level 5 in Charms
 12818 | D:7      | Found a snail-covered altar of Cheibriados.
 13021 | D:7      | Reached skill level 5 in Spellcasting
 13048 | D:7      | Reached skill level 8 in Necromancy
 13050 | D:7      | Reached * piety under Kikubaaqudgha
 13050 | D:7      | Received a gift from Kikubaaqudgha
 13065 | D:7      | Identified Kikubaaqudgha's Incunabulum of Sinister Secrets (Kikubaaqudgha gifted it to you on level 7 of the Dungeon)
 13124 | D:7      | Found a burning altar of Makhleb.
 13258 | D:7      | Got a clouded jade ring
 13262 | D:7      | Learned a level 2 spell: Corpse Rot
 13394 | D:7      | Identified the ring "Luiwnietu" {Int+3 SInv} (You found it on level 7 of the Dungeon)
 13557 | D:7      | Gained mutation: You are resistant to hostile enchantments. (MR+) [potion of beneficial mutation]
 14345 | D:8      | sigh
 14546 | D:8      | Reached skill level 9 in Necromancy
 14603 | D:8      | Reached XP level 10. HP: 57/59 MP: 21/21
 15065 | D:8      | Found a sacrificial altar of Ru.
 15079 | D:8      | Reached ** piety under Kikubaaqudgha
 15116 | D:8      | Learned a level 2 spell: Sublimation of Blood
 15198 | D:9      | Found a staircase to the Lair.
 15336 | D:9      | Got a smoking robe
 15460 | D:9      | Reached skill level 1 in Shields
 16460 | D:9      | Reached *** piety under Kikubaaqudgha
 16460 | D:9      | Received a gift from Kikubaaqudgha
 16493 | D:9      | Identified Kikubaaqudgha's Papyrus of Evil (Kikubaaqudgha gifted it to you on level 9 of the Dungeon)
 16616 | D:9      | Found a deep blue altar of Sif Muna.
 16616 | D:9      | Found a bloodstained altar of Trog.
 16797 | D:10     | Entered Level 10 of the Dungeon
 17086 | D:10     | Reached skill level 1 in Evocations
 17183 | D:10     | Found a staircase to the Orcish Mines.
 17652 | D:10     | Reached XP level 11. HP: 66/66 MP: 22/22
 17994 | Lair:1   | Entered Level 1 of the Lair of Beasts
 18523 | Lair:1   | Reached skill level 10 in Necromancy
 19002 | Lair:1   | Learned a level 5 spell: Agony
 19108 | Lair:1   | Reached **** piety under Kikubaaqudgha
 19423 | Lair:1   | Reached skill level 11 in Necromancy
 19693 | Lair:1   | Identified a scroll of acquirement
 20913 | Lair:3   | Noticed a griffon
 20945 | Lair:3   | Killed a griffon
 21081 | Lair:3   | Reached skill level 12 in Necromancy
 21472 | Lair:3   | Reached skill level 13 in Necromancy
 21472 | Lair:3   | Reached XP level 12. HP: 40/71 MP: 2/27
 21643 | Lair:3   | Noticed an eight-headed hydra
 21650 | Lair:3   | Killed an eight-headed hydra
 21785 | Lair:3   | Noticed Nergalle
 21798 | Lair:3   | Killed Nergalle
 22102 | Lair:3   | Reached skill level 10 in Spellcasting
 22130 | Lair:3   | Learned a level 5 spell: Dispel Undead
 22462 | Lair:3   | Reached ***** piety under Kikubaaqudgha
 22650 | Lair:3   | Reached skill level 14 in Necromancy
 23891 | Lair:4   | Found a hole to the Spider Nest.
 24273 | Lair:4   | Found a staircase to the Swamp.
 24518 | Lair:4   | Reached skill level 1 in Long Blades
 24745 | Lair:4   | Noticed a seven-headed hydra
 24755 | Lair:4   | Killed a seven-headed hydra
 25950 | Lair:5   | Reached skill level 10 in Dodging
 26198 | Lair:5   | Learned a level 1 spell: Summon Butterflies
 26656 | Lair:5   | Reached XP level 13. HP: 74/76 MP: 21/30
 27121 | Lair:5   | Reached skill level 5 in Armour
 28044 | Lair:6   | Reached ****** piety under Kikubaaqudgha
 28334 | Lair:6   | Identified a +3 dagger of pain (a +1 dagger of venom bloodied by Kikubaaqudgha)
 28334 | Lair:6   | Received a gift from Kikubaaqudgha
 29430 | Lair:7   | Reached skill level 5 in Shields
 29955 | Lair:7   | Found a staircase to the Slime Pits.
 30428 | Lair:8   | Entered Level 8 of the Lair of Beasts
 30659 | Lair:8   | Reached skill level 5 in Short Blades
 31781 | Lair:8   | Reached XP level 14. HP: 59/83 MP: 1/31
 32052 | Lair:8   | Found a burning altar of Makhleb.
 32401 | Lair:8   | Got an encrusted great sword
 32413 | Lair:8   | Identified the cursed +0 great sword "Pisteib" {pain, Dex+4} (You found it on level 8 of the Lair of Beasts)
 32466 | Lair:8   | Gained mutation: You are partially covered in rough black scales. (AC +4, Dex -1) [potion of beneficial mutation]
 32721 | Lair:8   | Noticed Nessos
 32723 | Lair:8   | Noticed Nessos
 32723 | Lair:8   | Nessos changed into Nessos the deep troll
 32740 | Lair:8   | Killed Nessos the deep troll
 32985 | Lair:8   | Found a gateway to Hell.
 33436 | Lair:8   | HP: 4/83 [sun demon (7)]
 33806 | Orc:1    | Entered Level 1 of the Orcish Mines
 33875 | Orc:1    | Found a dark tunnel.
 33890 | Volcano  | Entered a volcano
 34089 | Volcano  | Noticed lorenzova's ghost (journeyman SpEn)
 34153 | Volcano  | Killed lorenzova's ghost
 34198 | Volcano  | Gained mutation: Scrolls take you a little longer to read. [mutagenic glow]
 35040 | Orc:2    | Entered Level 2 of the Orcish Mines
 35457 | Orc:2    | Found a roughly hewn altar of Beogh.
 35673 | Orc:2    | Found a staircase to the Elven Halls.
 38390 | D:12     | Found a flagged portal.
 38399 | Bailey   | Entered a bailey
 38482 | Bailey   | Noticed psellion's ghost (novice DEIE)
 38485 | Bailey   | Killed psellion's ghost
 39394 | D:12     | Found a shadowy altar of Dithmenos.
 39472 | D:12     | Got an iridescent whip
 39492 | D:12     | Identified the +7 whip "Dragonbane" {flame, Str+4 Dex+3} (You found it on level 12 of the Dungeon)
 41208 | Orc:2    | Noticed Azrael
 41233 | Orc:2    | gaaah
 41233 | Orc:2    | drained again
 41238 | Orc:2    | HP: 2/86 [fire elemental[Azrael] (9)]
 41239 | Orc:2    | Found an ancient bone altar of Kikubaaqudgha.
 41239 | Orc:2    | Found Xenk's Antique Armour Emporium.
 41776 | D:13     | Noticed Josephine
 41788 | D:13     | Killed Josephine
 42172 | D:13     | Reached XP level 15. HP: 91/91 MP: 14/32
 42847 | D:13     | Reached skill level 10 in Fighting
 43109 | D:13     | Noticed a vault warden
 43123 | D:13     | Killed a vault warden
 43276 | D:13     | Found a gate to the Vaults.
 44856 | D:12     | Learned a level 5 spell: Cigotuvi's Embrace
 45375 | D:15     | Entered Level 15 of the Dungeon
 45570 | D:15     | Gained mutation: Your movements are slightly less encumbered by armour. (ER -2) [potion of beneficial mutation]
 46153 | D:15     | Found a staircase to the Depths.
 47051 | Orc:1    | Noticed Erica
 47058 | Orc:1    | Killed Erica
 47333 | Orc:1    | Found Rale's Antique Weapon Emporium.
 47565 | Orc:1    | Found a roughly hewn altar of Beogh.
 47744 | Orc:2    | Killed Azrael
 48109 | Orc:2    | Reached XP level 16. HP: 101/101 MP: 23/33
 48127 | Orc:2    | Noticed Erolcha
 48152 | Orc:2    | Killed Erolcha
 48203 | Orc:2    | Found a radiant altar of Vehumet.
 48443 | Orc:2    | Found Kysmaleu's Gadget Shoppe.
 48605 | Orc:2    | Found a roughly hewn altar of Beogh.
 48650 | Orc:2    | Found Loanoof's Magic Scroll Emporium.
 48662 | Orc:2    | Found Xiumus's Antique Armour Shoppe.
 48749 | Orc:2    | Bought a scroll of blinking for 127 gold pieces
 49060 | Spider:1 | Entered Level 1 of the Spider Nest
 50179 | Spider:1 | Reached skill level 5 in Evocations
 51928 | Orc:2    | Bought a runed scale mail for 116 gold pieces
 51928 | Orc:2    | Bought a glowing scale mail for 116 gold pieces
 51997 | Orc:2    | Bought a glowing helmet for 112 gold pieces
 52801 | Spider:1 | Got an ancient ring mail
 52865 | Spider:1 | Identified the cursed +1 ring mail of Sejoorr {rC+ Int+4 Dex+3} (You found it on level 1 of the Spider Nest)
 53475 | Spider:2 | Got a jewelled war axe
 53784 | Spider:2 | Reached skill level 15 in Necromancy
 54082 | Spider:2 | Reached skill level 10 in Shields
 54731 | Spider:2 | Lost mutation: You are resistant to hostile enchantments. (MR+) [helix card]
 54731 | Spider:2 | Gained mutation: You are partially covered in icy blue scales. (AC +1) [helix card]
 55510 | Spider:3 | Got a faintly glowing quarterstaff
 55658 | Spider:3 | Reached XP level 17. HP: 42/112 MP: 24/34
 56667 | Spider:3 | Reached skill level 15 in Fighting
 56766 | Spider:3 | Upgraded the game from 0.18-a0-1542-g9c1a92e to 0.18-a0-1551-g40744a8
 56767 | Spider:4 | Entered Level 4 of the Spider Nest
 57135 | Spider:4 | funny
 57446 | Spider:4 | Paralysed by a hornet for 3 turns
 58761 | Spider:4 | Got a gossamer rune of Zot
 59213 | Vaults:1 | Entered Level 1 of the Vaults
 59355 | Vaults:1 | Found a magical portal.
 59365 | WizLab   | Entered The Chambers of Ciciab the Cloud Mage
 60366 | WizLab   | Noticed Ciciab
 60373 | WizLab   | Killed Ciciab the Cloud Mage
 60471 | WizLab   | Identified the Disquisition on Air (You found it in a wizard's laboratory)
 60480 | WizLab   | Got a faintly humming leather armour
 60491 | WizLab   | Identified the +3 leather armour "Qepefuv" {Dex+5} (You found it in a wizard's laboratory)
 60524 | WizLab   | Learned a level 2 spell: Repel Missiles
 60527 | WizLab   | Learned a level 2 spell: Swiftness
 60534 | WizLab   | Identified the Papyrus of the Harmful Birds (You found it in a wizard's laboratory)
 61022 | Vaults:1 | Lost mutation: You are partially covered in rough black scales. (AC +4, Dex -1) [potion of cure mutation]
 61022 | Vaults:1 | Lost mutation: Scrolls take you a little longer to read. [potion of cure mutation]
 61022 | Vaults:1 | Lost mutation: Your movements are slightly less encumbered by armour. (ER -2) [potion of cure mutation]
 61022 | Vaults:1 | Lost mutation: You are partially covered in icy blue scales. (AC +1) [potion of cure mutation]
 61461 | Vaults:1 | Reached skill level 16 in Necromancy
 61994 | Vaults:1 | Reached XP level 18. HP: 86/122 MP: 23/37
 62224 | Vaults:1 | Found Fyuhogor's Antique Weapon Emporium.
 63157 | D:13     | Learned a level 4 spell: Passage of Golubria
 63236 | Vaults:1 | Bought a runed rapier for 84 gold pieces
 63778 | Vaults:2 | Reached skill level 1 in Translocations
 64391 | Vaults:2 | Learned a level 2 spell: Blink
 64439 | Vaults:2 | Reached skill level 17 in Necromancy
 64904 | Vaults:2 | Reached skill level 15 in Spellcasting
 65666 | Vaults:1 | Reached skill level 5 in Translocations
 66797 | Vaults:2 | Noticed a bone dragon
 66805 | Vaults:2 | Killed a bone dragon
 67726 | Vaults:2 | Found Zatin Nui's Food Shoppe.
 67789 | Vaults:2 | Reached XP level 19. HP: 127/127 MP: 36/41
 67860 | Vaults:2 | Found a staircase to the Crypt.
 68001 | Vaults:2 | Learned a level 2 spell: Shroud of Golubria
 69759 | Vaults:3 | Found Peptutt's Distillery.
 69762 | Vaults:3 | Bought a potion of heal wounds for 60 gold pieces
 69762 | Vaults:3 | Bought a potion of haste for 120 gold pieces
 69762 | Vaults:3 | Bought a potion of curing for 36 gold pieces
 69762 | Vaults:3 | Bought a potion of curing for 36 gold pieces
 69762 | Vaults:3 | Bought a potion of curing for 36 gold pieces
 69762 | Vaults:3 | Bought a potion of cancellation for 96 gold pieces
 73143 | Depths:1 | Entered Level 1 of the Depths
 73805 | Depths:1 | Found a gateway to a ziggurat.
 74442 | Depths:1 | Reached XP level 20. HP: 132/132 MP: 32/43
 75037 | Depths:1 | Reached skill level 18 in Necromancy
 75770 | D:15     | oh
 76111 | D:11     | Learned a level 6 spell: Simulacrum
 77888 | D:12     | Learned a level 8 spell: Borgnjor's Revivification
 78395 | Depths:2 | Reached skill level 19 in Necromancy
 78941 | Depths:2 | Found Wemiaf's Jewellery Boutique.
 79177 | Depths:2 | Found an ancient bone altar of Kikubaaqudgha.
 79214 | Depths:2 | Got a faintly glowing shortbow
 79245 | Depths:2 | Got a polished scimitar
 79246 | Depths:2 | Identified the +3 scimitar of Magnificence {holy, +Rage rF+ rC- MR+++} (You found it on level 2 of the Depths)
 79384 | Depths:2 | Found Botif's Magic Scroll Shoppe.
 79393 | Depths:2 | Bought the ring of Atheism {rElec MP+9 Int+2} for 611 gold pieces
 79884 | Depths:2 | HP: 5/132 [spriggan berserker/war axe (25)]
 80076 | Depths:3 | Upgraded the game from 0.18-a0-1551-g40744a8 to 0.18-a0-1560-ge216ca8
 80986 | Depths:3 | Reached XP level 21. HP: 115/129 MP: 36/46
 81128 | Depths:3 | Reached skill level 20 in Necromancy
 81527 | D:12     | Learned a level 7 spell: Haunt
 81698 | Depths:1 | Reached skill level 1 in Summonings
 81704 | Depths:1 | Cast into level 2 of the Abyss (an ogre mage)
 81707 | Abyss:2  | crap!
 81707 | Abyss:2  | Upgraded the game from 0.18-a0-1560-ge216ca8 to 0.18-a0-1572-g0a86841
 81900 | Abyss:2  | Found a corrupted altar of Lugonu.
 82172 | Abyss:2  | Found a burning altar of Makhleb.
 82444 | Abyss:2  | Upgraded the game from 0.18-a0-1572-g0a86841 to 0.18-a0-1577-gf591c28
 82509 | Depths:1 | Escaped the Abyss
 82516 | Depths:1 | Upgraded the game from 0.18-a0-1577-gf591c28 to 0.19-a0-465-g1d1674b
 82990 | Swamp:1  | Entered Level 1 of the Swamp
 83088 | Swamp:1  | Reached skill level 5 in Summonings
 85263 | Swamp:2  | Noticed Louise
 85281 | Swamp:2  | Killed Louise
 85309 | Swamp:2  | sigh
 86462 | Swamp:2  | Upgraded the game from 0.19-a0-465-g1d1674b to 0.19-a0-503-g45a6586
 88404 | Swamp:4  | Entered Level 4 of the Swamp
 89161 | Swamp:4  | Reached skill level 10 in Summonings
 89909 | Swamp:4  | Noticed tstbtto's ghost (adept DDFi)
 89956 | Swamp:4  | Killed tstbtto's ghost
 90194 | Swamp:4  | Noticed the 27-headed Lernaean hydra
 90216 | Swamp:4  | Killed the 27-headed Lernaean hydra
 90511 | Swamp:4  | Got a decaying rune of Zot
 91552 | Depths:2 | Upgraded the game from 0.19-a0-503-g45a6586 to 0.19-a0-517-gd6a9987
 91704 | Depths:3 | Identified Haixot's Disquisition on Creative Snow (You found it on level 3 of the Depths)
 92197 | Depths:3 | Found a one-way gate leading to the halls of Pandemonium.
 92980 | Depths:2 | Upgraded the game from 0.19-a0-517-gd6a9987 to 0.19-a0-526-gbe2e51c
 93936 | Depths:3 | Reached XP level 22. HP: 136/136 MP: 25/48
 94273 | Depths:3 | Noticed a golden dragon
 94289 | Depths:3 | Killed a golden dragon
 94450 | Depths:3 | Noticed a juggernaut
 94463 | Depths:3 | Killed a juggernaut
 94621 | Depths:3 | Upgraded the game from 0.19-a0-526-gbe2e51c to 0.19-a0-559-ga3d69d0
 95421 | Depths:4 | Got a shimmering ring mail
 95440 | Depths:4 | Identified the +0 ring mail of Fokkootu {rF+ Stlth+} (You found it on level 4 of the Depths)
 95813 | Depths:4 | Reached skill level 21 in Necromancy
 95963 | Depths:4 | Found Pyahos's Distillery.
 95970 | Depths:4 | Bought a potion of heal wounds for 90 gold pieces
 96126 | Depths:4 | Noticed a golden dragon
 96855 | Depths:4 | Found a one-way gate to the infinite horrors of the Abyss.
 97013 | Depths:4 | Reached skill level 10 in Armour
 97914 | Depths:4 | Killed a golden dragon
 98118 | Depths:4 | Noticed a golden dragon
 98130 | Depths:4 | Killed a golden dragon
 98316 | Depths:3 | Learned a level 6 spell: Shadow Creatures
 98388 | Depths:4 | Noticed a golden dragon
 98395 | Depths:4 | Killed a golden dragon
 99697 | Depths:4 | gaaah
 99796 | Depths:4 | gaaaah
 99941 | Depths:4 | Found Pyahos's Distillery.
100337 | Depths:4 | Found a one-way gate to the infinite horrors of the Abyss.
100804 | Depths:4 | what?
101208 | Depths:4 | Upgraded the game from 0.19-a0-559-ga3d69d0 to 0.19-a0-593-gf2cdb02
101267 | Depths:5 | Entered Level 5 of the Depths
101284 | Depths:5 | sigh
101976 | Depths:5 | Reached XP level 23. HP: 89/142 MP: 39/49
102002 | Depths:5 | Slain by a spark wasp

Vault maps used:
D:1:      roderic_octagonal_star, minivault_24
D:2:      ecumenical_altar_1, uniq_robin
D:3:      xom_redecorated
D:4:      first_bread, gup_sewer_entry_bubbles,
          nicolae_gozag_cash_rules_everything_around_me
D:5:      tso_oasis_becter, nicolae_overflow_hidden_temple, minmay_lizard_king
D:6:      gammafunk_temple_overflow_statue, lemuel_temple_firewalk_marked,
          serial_shops, shop_statue
D:7:      cheibriados_altar_1, nicolae_ossuary_entry_ruins, bloody_makhleb
D:8:      minmay_misc_feat_diagonals, nicolae_ru_awakened_eye
D:9:      gammafunk_temple_overflow_wave, lair_0_dummy
D:10:     zombieorc1_lemuel
D:12:     enter_bailey_2, basic_altar, grunt_ogre_cave
D:13:     erik_vaults_2, uniq_josephine
D:14:     kennysheep_decorative_pillar
D:15:     grunt_enter_depths_snipers, eino_curves_04
Temple:   oiseaux_autumnal_temple_12
Lair:1:   beast_lair_carwin_3, infiniplex_staircase_pool
Lair:2:   lemuel_fruit_tree
Lair:3:   minivault_27, uniq_nergalle
Lair:4:   minmay_swamp_entry_eels, spider_nest_entry_a
Lair:5:   grunt_megastairs_3
Lair:6:   minmay_lair_venomous_thicket
Lair:7:   nicolae_slime_entry_slimehenge, lemuel_fruit_fields,
          grunt_megastairs_1
Lair:8:   evil_forest, uniq_nessos
Swamp:1:  cheibrodos_swamp_tower_of_moss, evilmike_swamp_ruin_house_6
Swamp:2:  hangedman_swamp_ruin_hall, uniq_louise
Swamp:3:  hangedman_swamp_ruin_wall
Swamp:4:  grunt_swamp_rune_castle
Spider:2: nicolae_spider_mines_3
Spider:4: grunt_spider_rune_island, guppyfry_spider_mini_1
Orc:1:    lightli_volcano_entry_magma_tube, serial_shops, shop,
          minmay_orc_temple_b, uniq_erica
Orc:2:    kennysheep_orc_mage_school, basic_altar, uniq_azrael
Vaults:1: v_misc_23, v_alt_pattern_6, nicolae_vaults_theta, v_pattern_4,
          v_misc_12, ontoclasm_vaults_shuriken, nicolae_vaults_yaktaur_gun_rack,
          hangedman_vaults_stretched_pinwheel, serial_shops, shop_coins,
          mu_enter_wizlab_5
Vaults:2: v_pattern_5, nicolae_vaults_ninety_degrees, v_alt_pattern_3,
          minmay_crypt_entry_nasty_monster, nicolae_vaults_little_squares_3,
          ontoclasm_vaults_eye, nicolae_vaults_halls_meeting,
          hangedman_vaults_stretched_pinwheel, vaults_mumra_chevron,
          vaults_dpeg_encased_lava, hangedman_vaults_cutoff,
          nicolae_vaults_sealed_display, nicolae_vaults_border_crossing,
          serial_shops, nicolae_shop_stone
Vaults:3: nicolae_vaults_triangles, nicolae_vaults_alarming, v_misc_30,
          v_misc_13, vaults_dpeg_doors, v_misc_4, nicolae_vaults_circle_grid_b,
          v_misc_23, v_misc_17, vaults_dpeg_cross, vaults_dpeg_ring,
          nicolae_vaults_little_squares_1, dpeg_vaults_monster_box,
          serial_shops, nicolae_shop_behind_doors
Vaults:4: v_misc_1, ontoclasm_vaults_chip, vaults_dpeg_diagonal,
          vaults_room_door_ring, vaults_room_door_ring, grunt_vaults_swirl,
          grunt_vaults_hallway_long, hangedman_vaults_corner_blocks,
          nicolae_vaults_shelves_hall, vaults_mumra_bighexcomb,
          hangedman_vaults_snaps
Depths:1: enter_ziggurat_b, hell_entry, hangedman_decor_opposing,
          minmay_crystal_water, minmay_misc_feat_five, serial_bayou_ford_a,
          spider_trap, nrook_loot_triangle, minmay_fire_ice_demons,
          firewood_loft, infiniplex_staircase_pool_lava, serial_bayou_shore_b
Depths:2: lemuel_vampire_tower, hangedman_abyss_or_decor_lesser_grid,
          serial_shops, shop, shop, hell_entry, basic_stair_grate_trap
Depths:3: evilmike_diamond_1, pf_hell_entry_tar_spiral,
          grunt_pan_entry_in_and_out, infiniplex_staircase_hallway_doors,
          serial_bayou_shore_b, serial_bayou_shore_b
Depths:4: cheibrodos_spurs, pf_vacation_house_of_asmodeus, serial_shops,
          shop_statue, abyss_entry, minmay_staircase_bubble
Depths:5: grunt_crosshair, serial_bayou_shore_a, hell_entry,
          hangedman_decor_riveting, hangedman_glass_garden
Sewer:    sewer_minmay_treatment
Bailey:   bailey_polearm_2, bailey
Volcano:  volcano_aerie
WizLab:   wizlab_cloud

Skill      XL: |  1  2  3  4  5  6  7  8  9 10 11 12 13 14 15 16 17 18 19 20 21 22 |
---------------+-------------------------------------------------------------------+-----
Necromancy     | 5 6 7 9 13 14 15 16 17 19 20 21 | 21.3
Charms         | 2 4 8 |  8.9
Spellcasting   | 4 6 9 11 13 16 17 19 20 | 20.0
Fighting       | 1 3 4 5 6 7 9 12 14 16 17 | 17.5
Dodging        | 3 5 7 8 9 10 11 12 13 | 13.5
Armour         | 1 2 3 4 5 7 8 9 10 | 10.4
Short Blades   | 2 4 8 9 |  9.8
Shields        | 3 4 5 6 8 10 11 14 | 14.2
Evocations     | 3 6 7 |  7.7
Long Blades    | 3 4 |  4.6
Translocations | 7 |  7.0
Summonings     | 11 12 | 12.9
Stealth        | |  2.4

Action                   |  1- 3 |  4- 6 |  7- 9 | 10-12 | 13-15 | 16-18 | 19-21 | 22-24 || total
-------------------------+-------+-------+-------+-------+-------+-------+-------+-------++-------
Melee: Dagger            |       |   186 |   466 |  1197 |  1502 |  2068 |  1930 |       ||  7349
       Short sword       |       |    62 |    93 |       |       |       |       |       ||   155
       Long sword        |       |       |   432 |   239 |   449 |   602 |       |       ||  1722
       Trident           |       |       |       |    14 |       |       |       |       ||    14
       Scimitar          |       |       |       |       |       |    40 |   301 |       ||   341
       Demon whip        |       |       |       |       |       |       |     2 |       ||     2
       Dagger            |       |       |       |       |       |       |   637 |   435 ||  1072
       Scimitar          |       |       |       |       |       |       |   230 |    31 ||   261
       Quick blade       |       |       |       |       |       |       |    84 |       ||    84
       Staff             |       |       |       |       |       |       |       |    46 ||    46
 Fire: Hunting sling     |       |     8 |    35 |     5 |       |       |       |       ||    48
       Blowgun           |       |       |    25 |    19 |    55 |    77 |     9 |       ||   185
Throw: Stone             |     1 |     5 |   100 |    39 |    46 |     3 |       |       ||   194
       Javelin           |       |       |    11 |       |       |       |       |       ||    11
 Cast: Pain              |    68 |    53 |       |     5 |    27 |     9 |     5 |       ||   167
       Animate Skeleton  |     8 |    21 |    37 |    45 |    58 |    21 |    52 |       ||   242
       Control Undead    |       |    15 |    15 |       |       |       |       |       ||    30
       Regeneration      |       |    10 |    57 |    99 |   144 |   167 |   154 |       ||   631
       Vampiric Draining |       |     4 |    11 |    84 |    21 |     8 |     3 |       ||   131
       Animate Dead      |       |       |       |    37 |    71 |   125 |    52 |       ||   285
       Sublimation of Bl |       |       |       |    34 |    22 |    33 |    74 |       ||   163
       Agony             |       |       |       |   105 |   228 |   219 |   178 |       ||   730
       Dispel Undead     |       |       |       |       |    40 |    15 |    69 |       ||   124
       Cigotuvi's Embrac |       |       |       |       |     1 |     1 |     4 |       ||     6
       Summon Butterflie |       |       |       |       |       |     5 |       |       ||     5
       Repel Missiles    |       |       |       |       |       |     4 |     7 |       ||    11
       Swiftness         |       |       |       |       |       |     3 |     2 |       ||     5
       Corpse Rot        |       |       |       |       |       |     1 |       |       ||     1
       Passage of Golubr |       |       |       |       |       |     1 |     4 |       ||     5
       Blink             |       |       |       |       |       |     1 |     2 |       ||     3
       Shroud of Golubri |       |       |       |       |       |       |     2 |       ||     2
       Simulacrum        |       |       |       |       |       |       |     2 |       ||     2
       Borgnjor's Revivi |       |       |       |       |       |       |     1 |       ||     1
       Agony             |       |       |       |       |       |       |   114 |    61 ||   175
       Regeneration      |       |       |       |       |       |       |    84 |    63 ||   147
       Haunt             |       |       |       |       |       |       |    75 |   160 ||   235
       Shroud of Golubri |       |       |       |       |       |       |    65 |    52 ||   117
       Dispel Undead     |       |       |       |       |       |       |    22 |    11 ||    33
       Sublimation of Bl |       |       |       |       |       |       |    11 |    53 ||    64
       Passage of Golubr |       |       |       |       |       |       |     6 |     9 ||    15
       Blink             |       |       |       |       |       |       |     5 |     8 ||    13
       Swiftness         |       |       |       |       |       |       |     1 |     2 ||     3
       Summon Butterflie |       |       |       |       |       |       |     1 |     2 ||     3
       Animate Dead      |       |       |       |       |       |       |     1 |       ||     1
       Repel Missiles    |       |       |       |       |       |       |     1 |       ||     1
Invok: Brand Weapon With |       |       |       |       |     1 |       |       |       ||     1
       Receive Corpses   |       |       |       |       |     3 |    10 |    12 |       ||    25
       Receive Corpses   |       |       |       |       |       |       |     2 |       ||     2
 Abil: Evoke Flight      |       |       |       |       |       |       |     3 |       ||     3
       Evoke Flight      |       |       |       |       |       |       |     6 |       ||     6
       Evoke Berserk Rag |       |       |       |       |       |       |     1 |       ||     1
Evoke: Club              |       |       |       |     4 |    25 |       |     8 |       ||    37
       Hammer            |       |       |       |       |     1 |     1 |       |       ||     2
       Fan of gales      |       |       |       |       |     1 |       |       |       ||     1
       Phantom mirror    |       |       |       |       |     1 |       |       |       ||     1
       Sack of spiders   |       |       |       |       |       |       |       |     1 ||     1
  Use: Scroll            |     5 |     7 |     8 |    17 |    13 |    12 |    13 |       ||    75
       Potion            |       |       |     4 |     1 |    23 |    10 |     6 |       ||    44
       Scroll            |       |       |       |       |       |       |    12 |    11 ||    23
       Potion            |       |       |       |       |       |       |     8 |     1 ||     9
 Stab: Betrayed ally     |       |     2 |     1 |       |       |       |       |       ||     3
       Distracted        |       |     1 |     1 |     4 |    11 |    17 |     4 |       ||    38
       Invisible         |       |       |     4 |       |     1 |       |       |       ||     5
       Sleeping          |       |       |       |     6 |       |     2 |       |       ||     8
       Distracted        |       |       |       |       |       |       |       |     3 ||     3
  Eat: Chunk             |     4 |     6 |    28 |    58 |    68 |    37 |    55 |       ||   256
       Fruit             |       |     4 |     4 |     8 |     7 |     9 |     2 |       ||    34
       Bread ration      |       |     2 |     2 |     1 |     7 |     5 |     2 |       ||    19
       Royal jelly       |       |       |     1 |       |       |     1 |       |       ||     2
       Beef jerky        |       |       |     1 |     1 |       |     2 |     2 |       ||     6
       Pizza             |       |       |       |     1 |     5 |     2 |       |       ||     8
       Meat ration       |       |       |       |       |     3 |     4 |       |       ||     7
       Chunk             |       |       |       |       |       |       |    36 |    29 ||    65
       Fruit             |       |       |       |       |       |       |     8 |     3 ||    11
       Beef jerky        |       |       |       |       |       |       |     3 |     3 ||     6
       Bread ration      |       |       |       |       |       |       |     1 |     2 ||     3
       Meat ration       |       |       |       |       |       |       |       |     2 ||     2
Armor: Fire dragon armou |       |       |       |       |       |       |   272 |   140 ||   412
Dodge: Dodged            |       |       |       |       |       |       |   392 |   149 ||   541
       Deflected         |       |       |       |       |       |       |     8 |     5 ||    13
Block: Shield            |       |       |       |       |       |       |   528 |   219 ||   747
